 Dungeon Crawl Stone Soup version 0.28-a0-834-g1a73be5ee4 (webtiles) character file.

Game seed: 2499941431574444776

396 funkygono the Cudgeller (level 7, 0/54 HPs)
             Began as a Formicid Fighter on Nov 11, 2021.
             Slain by Blork the orc (8 damage)
             ... on level 4 of the Dungeon.
             The game lasted 00:04:43 (2373 turns).

funkygono the Cudgeller (Formicid Fighter)          Turns: 2373, Time: 00:04:44

Health: 0/54       AC:  7    Str: 23    XL:     7   Next: 9%
Magic:  7/7        EV: 10    Int:  7    God:
Gold:   68         SH:  4    Dex: 10    Spells: 6/6 levels left

rFire   . . .      SeeInvis +   j - +0 mace (vorpal)
rCold   . . .      Faith    .   c - +0 buckler
rNeg    . . .      Spirit   .   b - +0 scale mail
rPois   .          Reflect  .   (helmet unavailable)
rElec   .          Harm     .   (no cloak)
rCorr   .          Rampage  .   (no gloves)
Will    .....                   (no boots)
Stlth   ..........              (no amulet)
HPRegen 0.18/turn               (no ring)
MPRegen 0.10/turn               (no ring)

@: no status effects
A: permanent stasis, dig shafts and tunnels, antennae 3, four strong arms
a: Dig, Shaft Self


You were on level 4 of the Dungeon.
You visited 1 branch of the dungeon, and saw 5 of its levels.

You collected 178 gold pieces.
You spent 110 gold pieces at shops.

Inventory:

Hand Weapons
 a - a +0 flail
 j - a +0 vorpal mace (weapon)
Missiles
 h - 94 stones
Armour
 b - a +0 scale mail (worn)
 c - a +0 buckler (worn)
 k - a +3 leather armour
Potions
 f - a potion of flight {unknown}
 i - a potion of resistance {unknown}


   Skills:
 + Level 4.3 Fighting
 + Level 4.9 Maces & Flails
 + Level 4.7 Armour
 + Level 1.4 Dodging
 + Level 0.9 Stealth
 + Level 4.3 Shields


You had 6 spell levels left.
You didn't know any spells.
Your spell library was empty.

Dungeon Overview and Level Annotations

Branches:
Dungeon (5/15)
 Temple: D:4-7

Altars:

Shops:
D:2 (*!   D:5 *

Annotations:
D:4 Blork the orc, Dowan


Innate Abilities, Weirdness & Mutations

You cannot be hasted, slowed, berserked, paralysed or teleported.
You can dig through walls and to a lower floor.
You have a pair of large antennae on your head. (SInv)
Your four strong arms can wield two-handed weapons with a shield.


Message History

Duvessa barely misses you.
You hit Duvessa.
Duvessa is severely wounded.
Duvessa completely misses you. Duvessa barely misses you.
You feel much better.
Dowan casts a spell.
Dowan blinks!
Duvessa barely misses you.
You barely miss Duvessa.
Duvessa is severely wounded.
You block Duvessa's attack.
You hit Duvessa.
Duvessa is almost dead.
Dowan casts a spell at you. You resist with some effort.
Duvessa hits you but does no damage.
You hit Duvessa but do no damage.
Duvessa is almost dead.
Dowan zaps a wand.
The puff of flame hits you. Duvessa barely misses you.
Blork the orc looks encouraged for a moment.
You hit Duvessa.
You kill Duvessa!
Dowan screams, "No!
No!"
Dowan seems to find hidden reserves of power!
Dowan points at you and mumbles some strange words.
The stone arrow hits you! You block Dowan's attack.
Blork the orc casts a spell at you. The puff of flame hits you.
You have reached level 7!
You closely miss Dowan. Dowan misses you. You block Dowan's attack.
Unknown command.
You hit Dowan.
Dowan is lightly wounded.
Dowan zaps a wand.
You block the puff of flame. Blork the orc barely misses you.
You hit Dowan but do no damage.
Dowan is lightly wounded.
Dowan points at you and mumbles some strange words.
The shard of ice hits you!!
* * * LOW HITPOINT WARNING * * *
Blork the orc hits you with a +0 mace of holy wrath!
You die...

###.# *,** *,* *,
#?..# #.# *,* *, #.###
#.# *,* *, #.# #.# *,*
*, #.# #.# *^* ** #.#
#.# *,* #.#
#.#######<#***
#.#######..........,,*
#...e@o...........#*,*
###################*,*
*,* *,* *,* *,* *,*
*,, ***


You could see Blork the orc and Dowan (fast).

Vanquished Creatures
  Menkaure (D:4)
  Duvessa (D:4)
  A hound (D:5)
  Jessica (D:2)
  An orc wizard (D:3)
  2 adders (D:3)
  2 worms
  3 orcs (D:3)
  2 endoplasms
  5 giant cockroaches
  4 goblins
  4 hobgoblins
  A quokka (D:2)
  8 ball pythons
  3 bats
  5 frilled lizards
  5 kobolds
  A rat (D:1)
50 creatures vanquished.

Vanquished Creatures (others)
  An orc wizard (D:3)
1 creature vanquished.

Grand Total: 51 creatures vanquished

Notes
Turn   | Place    | Note
-------+----------+-------------------------------------------
     0 | D:1      | funkygono the Formicid Fighter began the quest for the Orb.
     0 | D:1      | Reached XP level 1. HP: 18/18 MP: 1/1
   423 | D:1      | Reached XP level 2. HP: 19/24 MP: 2/2
   851 | D:1      | Reached XP level 3. HP: 30/30 MP: 3/3
   886 | D:1      | Found a faded altar of an unknown god.
  1091 | D:2      | Noticed Jessica
  1094 | D:2      | Killed Jessica
  1095 | D:2      | Reached XP level 4. HP: 37/37 MP: 4/4
  1214 | D:2      | Found Tuph's General Store.
  1362 | D:2      | Found Puunuaro's Distillery.
  1369 | D:2      | Bought a potion of heal wounds for 55 gold pieces
  1369 | D:2      | Bought a potion of heal wounds for 55 gold pieces
  1605 | D:2      | Found Zuickax's Weapon Shoppe.
  1797 | D:3      | Reached XP level 5. HP: 29/42 MP: 5/5
  1998 | D:3      | You fall into a shaft and drop 2 floors!
  1998 | D:5      | Entered Level 5 of the Dungeon
  2008 | D:5      | Reached skill level 1 in Dodging
  2073 | D:5      | Found Elec's Assorted Antiques.
  2092 | D:4      | Noticed Menkaure
  2119 | D:4      | Killed Menkaure
  2120 | D:4      | Reached XP level 6. HP: 18/48 MP: 6/6
  2331 | D:4      | Noticed Duvessa
  2332 | D:4      | Noticed Blork the orc
  2332 | D:4      | Noticed Dowan
  2370 | D:4      | Killed Duvessa
  2371 | D:4      | Reached XP level 7. HP: 27/54 MP: 7/7
  2373 | D:4      | Slain by Blork the orc

Illustrated notes

Levels and vault maps discovered:
D:1:      dpeg_chamrin_arrival_tetris, layout_basic,
          chequers_ecumenical_altar_simple_redux
D:2:      layout_loops_cross, serial_shops, nicolae_diamond_shop, shop,
          nicolae_shop_stone, uniq_jessica
D:3:      layout_loops_cross
D:4:      layout_loops_ring, chequers_serial_rivers_micro_d,
          minmay_misc_feat_rows, minmay_ruined_shrine, uniq_blork_the_orc,
          uniq_grinder, uniq_menkaure, uniq_duvessa
D:5:      layout_loops_ring, minmay_temple_entry_statues_fountains,
          serial_shops, shop_scrolls, nicolae_stop_n_shop_2,
          nicolae_shop_waterfront, kennysheep_mini, nicolae_stop_n_shop_2,
          guppyfry_early_lair_pool

Skill      XL: |  1  2  3  4  5 |
---------------+----------------+-----
Shields        | 4 |  4.3
Maces & Flails | 3 4 |  4.9
Armour         | 4 |  4.7
Fighting       | 4 |  4.3
Dodging        | 1 |  1.4
Stealth        | |  0.9

Action                   |  1- 3 |  4- 6 |  7- 9 || total
-------------------------+-------+-------+-------++-------
Melee: Flail             |    68 |    65 |       ||   133
       Mace              |       |    58 |     3 ||    61
  Use: Scroll            |     3 |     1 |       ||     4
       Potion            |       |     3 |       ||     3
Armor: Scale mail        |    38 |    44 |       ||    82
Dodge: Dodged            |    31 |    49 |     2 ||    82
Block: Buckler           |    18 |    24 |     2 ||    44

Table legend: (Time is in decaauts)
 A = Elapsed time spent in this place.
 B = Non-inter-level travel time spent in this place.
 C = Inter-level travel time spent in this place.
 D = Time resting spent in this place.
 E = Time spent auto-exploring this place.
 F = Levels seen in this place.
 G = Mean time per level.
                   A        B        C        D        E       F      G
               +--------+--------+--------+--------+--------+-----+--------+
         Total |   2421 |   2396 |     25 |    173 |   1664 |   5 |  484.2 |
       Dungeon |   2421 |   2396 |     25 |    173 |   1664 |   5 |  484.2 |
               +--------+--------+--------+--------+--------+-----+--------+

Top non-repeatable levels by time:
     D:1: 1006 daAuts
     D:2: 736 daAuts
     D:4: 294 daAuts
     D:3: 294 daAuts
     D:5: 89 daAuts
